 Dungeon Crawl Stone Soup version 0.17-a0-915-g8914353 (webtiles) character file.

81 krabocopter the Conjurer (level 4, 33/33 HPs)
             Began as a Demigod Air Elementalist on May 4, 2015.
             Quit the game on level 2 of the Dungeon.
             The game lasted 00:06:44 (1397 turns).

krabocopter the Conjurer (Demigod Air Elementalist) Turns: 1397, Time: 00:06:44

Health: 33/33      AC:  3    Str: 11    XL:     4   Next: 0%
Magic:  10/10      EV: 12    Int: 21    God:
Gold:   77         SH:  0    Dex: 16    Spells: 1 memorised, 7 levels left

rFire  . . .     SeeInvis .     h - +3 short sword (drain)
rCold  . . .     Clarity  .     a - +0 robe
rNeg   . . .     SustAb   +     (no shield)
rPois  +         Gourm    .     (no helmet)
rElec  .         Spirit   .     (no cloak)
rCorr  .         Warding  .     (no gloves)
rMut   .         Stasis   .     d - +0 pair of boots
MR     .....                    (no amulet)
Stlth  ++........               (no ring)
                                i - ring of poison resistance

@: not resistant to hostile enchantments, unstealthy
A: high mp 1, sustain abilities
a: no special abilities


You were on level 2 of the Dungeon.
You were not hungry.

You visited 1 branch of the dungeon, and saw 2 of its levels.

You collected 77 gold pieces.

Inventory:

Hand weapons
 h - a +3 short sword of draining (weapon)
 k - a +0 dagger
Armour
 a - a +0 robe (worn)
 d - a +0 pair of boots (worn)
Jewellery
 i - a ring of poison resistance (left hand)
Scrolls
 g - 2 scrolls of identify
 l - a scroll of fear
Potions
 e - a potion of mutation {unknown}
 f - 3 potions of resistance {unknown}
 j - a potion of brilliance {unknown}
 m - 2 potions of flight {unknown}
Books
 b - a book of Air

   Spells                             Type                      Level
   a - Shock                          Conjuration/Air              1
   b - Swiftness                      Charms/Air                   2
   c - Repel Missiles                 Charms/Air                   2
   d - Flight                         Charms/Air                   3
   e - Static Discharge               Conjuration/Air              3
   f - Lightning Bolt                 Conjuration/Air              5
Comestibles
 c - 2 bread rations
 n - 4 chunks of flesh


   Skills:
 - Level 1.7 Dodging
 - Level 1.7 Stealth
 + Level 2.6 Spellcasting
 * Level 2.9 Conjurations
 - Level 2.6 Air Magic


You had 7 spell levels left.
You knew the following spells:

 Your Spells              Type           Power        Failure   Level  Hunger
a - Shock                 Conj/Air       ##..         4%          1    None


Dungeon Overview and Level Annotations

Branches:
Dungeon (2/15)


Innate Abilities, Weirdness & Mutations

You have an increased reservoir of magic (+10% MP).
Your attributes are resistant to harm.


Message History

You have reached level 4!
Found a ring mail.
You see here a giant newt corpse.
You butcher the giant newt corpse.
n - 3 chunks of flesh (gained 1)
There is an opulent altar of Gozag here.
A being of your status worships no god.
You see here a rat corpse.
You butcher the rat corpse.
n - 4 chunks of flesh (gained 1)
A rat comes into view.
The rat closely misses you.
You hit the rat.
You kill the rat!
No target in view!
You see here a rat corpse.
You now have 77 gold pieces (gained 8).
You see here a rat corpse.
You see here a rat corpse.
Are you sure you want to abandon this character and quit the game? (Confirm with "yes".)

######## ........
######.# ##########
#........# #........#
..# #........# .....#
#...[....# ......#
#...@....#
.......#####.......#####
#.........#.......#8_8#
+.....(...#.......#...#
#.........#.......#...#
#.........#.......##.###
#.........###+####.....#
#.........# #.....#
#.........# #.....#


There were no monsters in sight!

Vanquished Creatures
  Ijyb (D:2)
  2 adders (D:2)
  An ooze (D:1)
  A giant gecko (D:1)
  6 bats
  3 giant cockroaches
  4 goblins
  2 hobgoblins (D:1)
  2 kobolds (D:1)
  A quokka (D:2)
  A ball python (D:1)
  2 giant newts
  7 rats
33 creatures vanquished.

Notes
Turn   | Place    | Note
--------------------------------------------------------------
     0 | D:1      | krabocopter, the Demigod Air Elementalist, began the quest for the Orb.
     0 | D:1      | Reached XP level 1. HP: 14/14 MP: 5/5
   100 | D:1      | Reached skill level 1 in Conjurations
   216 | D:1      | Reached XP level 2. HP: 8/20 MP: 7/7
  1005 | D:2      | Reached XP level 3. HP: 15/26 MP: 9/9
  1035 | D:2      | Noticed Ijyb
  1051 | D:2      | Killed Ijyb
  1334 | D:2      | Found an opulent altar of Gozag.
  1362 | D:2      | Reached XP level 4. HP: 33/33 MP: 10/10
  1397 | D:2      | Quit the game

Action                   |  1- 3 |  4- 6 || total
-------------------------+-------+-------++-------
Melee: Unarmed           |    39 |       ||    39
       Dagger            |    87 |       ||    87
       Short sword       |    35 |     1 ||    36
 Cast: Shock             |     5 |       ||     5
  Use: Scroll            |     3 |       ||     3
 Stab: Sleeping          |     4 |       ||     4
  Eat: Chunk             |     2 |       ||     2
